 Dungeon Crawl Stone Soup version 0.31-a0-700-gf13585253f (webtiles) character file.

Game seed: 16686592603354264550

301 NinjaNoafa the Ruffian (level 6, -2/64 (81) HPs)
             Began as a Troll Shapeshifter on Sept 7, 2023.
             Slain by a wight
             ... wielding a +0 battleaxe
              (4 damage)
             ... on level 4 of the Dungeon.
             The game lasted 00:05:02 (2493 turns).

NinjaNoafa the Ruffian (Troll Shapeshifter)         Turns: 2493, Time: 00:05:03

HP:   -2/64 (81)    AC: 23    Str: 23    XL:     6   Next: 14%
MP:   5/5           EV:  1    Int:  6    God:
Gold: 141           SH:  5    Dex: 11    Spells: 5/5 levels left

rFire   . .          .
                       - Unarmed
rCold   . . .        (no shield)
rNeg    . . .        a - melded +0 animal skin
rPois   +            (helmet currently unavailable)
rElec   .            o - melded +0 cloak
rCorr   .            (gloves unavailable)
SInv    .            (boots unavailable)
Will    .....        i - amulet of reflection
Stlth   +            (no ring)
HPRegen 1.10/turn    (no ring)
MPRegen 0.09/turn

%: reflection
@: tree-form, heavily drained
A: stationary, stasis, torment immunity, boosted hp, large, unfitting armour,
(claws 3), regeneration 1, (shaggy fur 1), (tough skin 1)
a: no special abilities


You were on level 4 of the Dungeon.
You were a tree.
You visited 1 branch of the dungeon, and saw 4 of its levels.

You collected 141 gold pieces.

Inventory:

Missiles
 k - 6 boomerangs
 t - 6 curare-tipped darts
Armour
 a - a +0 animal skin (melded)
 o - a +0 cloak (melded)
Jewellery
 i - an amulet of reflection (around neck)
 v - a ring of fire
Talismans
 c - a beast talisman
 d - a flux talisman
Scrolls
 e - 5 scrolls of teleportation {unknown}
 f - 3 scrolls of vulnerability {unknown}
 g - a scroll of torment {unknown}
 h - 3 scrolls of noise {unknown}
 j - a scroll of amnesia {unknown}
 l - 2 scrolls of blinking {unknown}
 n - a scroll of poison {unknown}
 q - 2 scrolls of identify {unknown}
 u - 2 scrolls of immolation {unknown}
Potions
 m - a potion of degeneration {unknown}
 p - a potion of mutation {unknown}
 r - 2 potions of heal wounds
 s - a potion of haste {unknown}


   Skills:
 - Level 0.7 Fighting
 - Level 1.5 Dodging
 * Level 5.9 Unarmed Combat
 + Level 4.4 Shapeshifting


You had 5 spell levels left.
You didn't know any spells.
Your spell library contained the following spells:

 Spells                   Type           Power      Damage    Failure   Level
 Blink                    Tloc           0%         N/A       58%         2
 Lesser Beckoning         Tloc           0%         N/A       58%         2
 Momentum Strike          Conj/Tloc      0%         3d8       58%         2


Dungeon Overview and Level Annotations

Branches:
Dungeon (4/15) Zot: 21518
 Temple: D:4-7

Altars:
Kikubaaqudgha

Shops:
D:1 (


Innate Abilities, Weirdness & Mutations

You are a tree.
Your roots penetrate the ground, keeping you stationary.
You cannot be teleported.
You are immune to unholy pain and torment.
Your maximum health is greatly increased.
Your equipment is partially melded.
You are too large for most types of armour.
((You have claws for hands.))
Your natural rate of healing is unusually fast.
((You are covered in fur. (AC +1)))
((You have tough skin. (AC +1)))


Message History

You block the wight's attack.
The wight hits you from afar with a +0 trident!
You regained 16 hp, and now have 24/34 hp.
The wight attacks as it pursues you! The wight hits you with a +0 battleaxe!
You take 7 damage, and have 18/34 hp.
MASSIVE DAMAGE!!
The wight attacks as it pursues you! The wight barely misses you.
The wight barely misses you. The wight closely misses you.
Your transformation has ended.
You turn into a tree.
Your +0 cloak melds into your body.
Your +0 animal skin melds into your body.
Your roots penetrate the ground.
The wight hits you with a +0 trident!
* * * LOW HITPOINT WARNING * * *
The wight hits you but does no damage.
You now have 25/70 hp.
You barely miss the wight.
The wight hits you but does no damage. x2
You hit the wight but do no damage. The wight hits you with a +0 trident.
* * * LOW HITPOINT WARNING * * *
You take 1 damage, and have 25/70 hp.
Unknown command.
You smack the wight!
The wight hits you but does no damage.
You hit the wight.
The wight hits you but does no damage. x2
You closely miss the wight. The wight hits you with a +0 trident.
* * * LOW HITPOINT WARNING * * *
The wight hits you with a +0 battleaxe!
* * * LOW HITPOINT WARNING * * *
You feel drained.
* * * LOW HITPOINT WARNING * * *
You take 11 damage, and have 16/69 hp.
You closely miss the wight.
The wight hits you but does no damage. x2
You hit the wight but do no damage. The wight hits you with a +0 trident.
* * * LOW HITPOINT WARNING * * *
You feel drained.
* * * LOW HITPOINT WARNING * * *
The wight hits you but does no damage.
You take 6 damage, and have 11/67 hp.
You completely miss the wight. The wight hits you but does no damage.
The wight hits you with a +0 battleaxe!
* * * LOW HITPOINT WARNING * * *
You feel drained.
You die...

#.# ###
#.#######
#.......# #####
#######.# #...z
#.# #.### #.#
#.# ##########.#
#.# #.z........#
#.# #♣##########
#.# #z# #.# #.#
#.# #.# #.# #.#
#z# #.# #†#
#.############z#
#...z.......##.#
###########.##.#


You could see 2 wights.

Vanquished Creatures
  A phantom (D:4)
  2 iguanas (D:4)
  Jessica (D:2)
  Terence (D:3)
  4 gnolls
  2 dart slugs
  2 orcs
  5 ball pythons
  6 bats
  6 endoplasms
  5 giant cockroaches
  4 goblins
  6 hobgoblins
  6 jackals
  10 kobolds
  3 quokkas
  2 frilled lizards
  8 rats
74 creatures vanquished.

Notes
Turn   | Place    | Note
-------+----------+-------------------------------------------
     0 | D:1      | NinjaNoafa the Troll Shapeshifter began the quest for the
                  | Orb.
     0 | D:1      | Reached XP level 1. HP: 18/18 MP: 0/0
    20 | D:1      | Found Bytad's Antique Weapon Boutique.
   111 | D:1      | Reached XP level 2. HP: 26/26 MP: 1/1
   604 | D:2      | Noticed Jessica
   620 | D:2      | Killed Jessica
   621 | D:2      | Reached skill level 4 in Unarmed Combat
   621 | D:2      | Reached XP level 3. HP: 29/32 MP: 2/2
  1203 | D:3      | Reached XP level 4. HP: 26/40 MP: 3/3
  1321 | D:3      | Noticed Terence
  1327 | D:3      | Killed Terence
  1689 | D:4      | Noticed a phantom
  1863 | D:4      | Reached skill level 5 in Unarmed Combat
  1863 | D:4      | Reached XP level 5. HP: 14/46 MP: 4/4
  1945 | D:4      | Killed a phantom
  2078 | D:4      | Reached XP level 6. HP: 39/54 MP: 5/5
  2293 | D:4      | Found an ancient bone altar of Kikubaaqudgha.
  2493 | D:4      | HP: 2/67 [wight/+0 battleaxe (10)]
  2493 | D:4      | Slain by a wight

Illustrated notes

Levels and vault maps discovered:
D:1:      spicycebolla_green_bress_n_ham, layout_basic, serial_shops, shop,
          st_stairs_10, hangedman_abyss_or_decor_lesser_grid
D:2:      layout_basic, minmay_misc_feat_square, kennysheep_nondescript,
          uniq_jessica
D:3:      minmay_chambers_of_twos, layout_loops_ring, uniq_terence
D:4:      layout_loops_ring, mainiacjoe_overflow_alcove_4

Skill      XL: |  1  2  3  4 |
---------------+-------------+-----
Unarmed Combat | 4 5 |  5.9
Shapeshifting  | 4 |  4.4
Fighting       | |  0.7
Dodging        | |  1.5

Action                     |  1- 3 |  4- 6 || total
---------------------------+-------+-------++-------
  Melee: Unarmed           |    70 |   102 ||   172
    Use: Potion            |       |     2 ||     2
 Armour: Animal skin       |    45 |    61 ||   106
         Skin              |       |    16 ||    16
  Dodge: Dodged            |    27 |    37 ||    64
  Block: Other             |     7 |    21 ||    28
         Reflection        |       |     2 ||     2
   Form: Flux              |     1 |       ||     1

Table legend: (Time is in decaauts)
 A = Elapsed time spent in this place.
 B = Non-inter-level travel time spent in this place.
 C = Inter-level travel time spent in this place.
 D = Time resting spent in this place.
 E = Time spent auto-exploring this place.
 F = Levels seen in this place.
 G = Mean time per level.
                   A        B        C        D        E       F      G
               +--------+--------+--------+--------+--------+-----+--------+
         Total |   2480 |   2337 |    143 |     33 |   1649 |   4 |  620.0 |
       Dungeon |   2480 |   2337 |    143 |     33 |   1649 |   4 |  620.0 |
               +--------+--------+--------+--------+--------+-----+--------+

Top non-repeatable levels by time:
     D:3: 748 daAuts
     D:4: 698 daAuts
     D:2: 543 daAuts
     D:1: 491 daAuts
